 Dungeon Crawl Stone Soup version 0.30-a0-1075-gcd70e7a56d (webtiles) character file.

Game seed: 1699792118055561765

453 Maxmaps the Trooper (level 6, -2/51 HPs)
             Began as a Demonspawn Monk on Apr 15, 2023.
             Killed from afar by Blork the orc (5 damage)
             ... with a puff of frost
             ... on level 5 of the Dungeon.
             The game lasted 00:05:34 (3427 turns).

Maxmaps the Trooper (Demonspawn Monk)               Turns: 3427, Time: 00:05:35

Health: -2/51      AC:  9    Str: 11    XL:     6   Next: 75%
Magic:  6/6        EV:  9    Int: 14    God:
Gold:   125        SH:  0    Dex: 15    Spells: 5/5 levels left

rFire   . . .      SeeInvis .    s - +9 whip of Mourning {flame, Stlth+}
rCold   . . .      Faith    .    c - orb {light}
rNeg    . . .      Spirit   .    h - +1 scale mail
rPois   .          Reflect  .    (helmet restricted)
rElec   .          Rampage  .    (no cloak)
rCorr   .                        g - +0 pair of gloves
Will    .....                    (no boots)
Stlth   +                        (no amulet)
HPRegen 1.28/turn                (no ring)
MPRegen 0.10/turn                (no ring)

@: brilliant, weak-willed, glowing, studying Necromancy
A: horns 1, powered by death 1
a: no special abilities


You were on level 5 of the Dungeon.
You visited 1 branch of the dungeon, and saw 5 of its levels.

You collected 125 gold pieces.

Inventory:

Hand Weapons
 s - the +9 whip of Mourning (weapon) {flame, Stlth+}
   (You took it off a kobold on level 4 of the Dungeon)

   Stlth:     It makes you more stealthy.
Armour
 c - an orb of light (worn)
 g - a +0 pair of gloves (worn)
 h - a +1 scale mail (worn)
Jewellery
 l - a ring of wizardry
 r - an amulet of faith
Scrolls
 d - a scroll of noise
 q - a scroll of enchant weapon
Potions
 a - 2 potions of attraction
 f - a potion of heal wounds {unknown}
 m - a potion of flight
 t - 2 potions of curing


   Skills:
 - Level 5.0 Fighting
 + Level 2.9 Maces & Flails
 - Level 3.2 Armour
 - Level 3.1 Dodging
 - Level 1.7 Stealth
 - Level 3.1 Unarmed Combat


You had 5 spell levels left.
You didn't know any spells.
Your spell library contained the following spells:

 Spells                   Type           Power      Damage    Failure   Level
 Apportation              Tloc           0%         N/A       85%         1
 Necrotise                Necr           0%         1d4       85%         1
 Summon Small Mammal      Summ           0%         N/A       85%         1
 Sublimation of Blood     Necr           0%         N/A       94%         2
 Wereblood                Tmut           0%         N/A       94%         2
 Anguish                  Hex/Necr       0%         N/A       100%        4
 Cause Fear               Hex            0%         N/A       100%        4
 Enfeeble                 Hex            0%         N/A       100%        7
 Summon Hydra             Summ           0%         N/A       100%        7


Dungeon Overview and Level Annotations

Branches:
Dungeon (5/15)
 Temple: D:4-7

Altars:
Ashenzari
Okawaru
Uskayaw

Annotations:
D:2 1 runed translucent door, Crazy Yiuf
D:3 2 transporters, epsilonplus's ghost, amateur DjEE
D:5 Blork the orc; Grinder


Innate Abilities, Weirdness & Mutations

You have a pair of small horns on your head.
You regenerate a little health from kills.


Message History

You feel invigorated. The adder bites you but does no damage.
You bump into the rock wall.
The adder barely misses you. The adder misses you.
You closely miss the adder.
Blork the orc hits you but does no damage.
The adder misses you.
Blork the orc casts a cantrip, but nothing happens.
You whack the adder! You burn the adder.
You kill the adder!
You feel less invigorated.
You feel less confused. Blork the orc hits you with a +0 mace.
* * * LOW HITPOINT WARNING * * *
You closely miss the adder.
Blork the orc hits you but does no damage.
The adder bites you.
* * * LOW HITPOINT WARNING * * *
The gnoll barely misses you. Blork the orc barely misses you.
The adder bites you but does no damage.
You whack the adder! You burn the adder. Your headbutt misses the adder.
The adder is almost dead.
Grinder blinks!
The gnoll barely misses you. Blork the orc barely misses you.
The adder bites you but does no damage.
You hit the adder. You burn the adder.
You kill the adder!
Blork the orc hits you with a +0 mace.
* * * LOW HITPOINT WARNING * * *
The gnoll hits you with a +0 flail.
* * * LOW HITPOINT WARNING * * *
You barely miss the ufetubus.
You hear the rusting of a distant drain.
The ufetubus misses you.
The ufetubus hits you but does no damage.
Blork the orc hits you with a +0 mace.
* * * LOW HITPOINT WARNING * * *
The gnoll hits you with a +0 flail!
* * * LOW HITPOINT WARNING * * *
The ufetubus barely misses you. The ufetubus closely misses you.
Blork the orc gestures at you while chanting.
The puff of frost hits you.
You die...

.... ...... ....
........#..... ....
........#.... ....
............###......
.............#..###..
....................
#.......l.........
##...g##ol........
#..gO5@....5.....
..###.†.###g.........
....:.l.5#...........
....$##g.!.§#........
.......)....##..#....
....###g.)......#....
.l. .g..#......# ...
.#....r..##..[...
...5....g .......


You could see Grinder, Blork the orc (fast), an ogre, 2 iguanas, 3 gnolls and an
ufetubus.

Vanquished Creatures
  A phantom (D:5)
  4 hounds
  4 orc wizards
  3 gnolls
  2 adders (D:5)
  3 worms
  3 dart slugs
  11 orcs
  4 endoplasms
  5 giant cockroaches
  6 goblins
  6 hobgoblins
  14 jackals
  5 kobolds
  4 quokkas
  4 ball pythons
  3 bats
  3 frilled lizards
  4 rats
89 creatures vanquished.

Vanquished Creatures (others)
  6 plants (D:4)
6 creatures vanquished.

Grand Total: 95 creatures vanquished

Notes
Turn   | Place    | Note
-------+----------+-------------------------------------------
     0 | D:1      | Maxmaps the Demonspawn Monk began the quest for the Orb.
     0 | D:1      | Reached XP level 1. HP: 18/18 MP: 1/1
   162 | D:1      | Gained mutation: You regenerate a little health from kills.
                  | [demonic ancestry]
   162 | D:1      | Reached XP level 2. HP: 15/24 MP: 2/2
   604 | D:1      | Reached skill level 1 in Armour
   673 | D:2      | Reached XP level 3. HP: 29/29 MP: 3/3
  1107 | D:2      | Found a runed translucent door.
  1108 | D:2      | Noticed Crazy Yiuf
  1468 | D:3      | Found a broken altar of Ashenzari.
  1479 | D:3      | Reached XP level 4. HP: 21/35 MP: 4/4
  1486 | D:3      | Found an iron altar of Okawaru.
  1549 | D:3      | Found a transporter.
  1897 | D:3      | Found a transporter.
  2020 | D:3      | Found a faded altar of an unknown god.
  2024 | D:3      | Found a hide-covered altar of Uskayaw.
  2036 | D:3      | Noticed epsilonplus's ghost (amateur DjEE)
  2736 | D:4      | Reached XP level 5. HP: 26/42 MP: 5/5
  2821 | D:4      | Reached skill level 4 in Fighting
  2938 | D:4      | Identified the +9 whip of Mourning {flame, Stlth+}
  3282 | D:5      | Entered Level 5 of the Dungeon
  3386 | D:5      | Gained mutation: You have a pair of small horns on your
                  | head. [demonic ancestry]
  3386 | D:5      | Reached XP level 6. HP: 43/50 MP: 6/6
  3389 | D:5      | Reached skill level 5 in Fighting
  3392 | D:5      | Identified a scroll of acquirement
  3392 | D:5      | Acquired a manual of Necromancy
  3401 | D:5      | Noticed Blork the orc
  3403 | D:5      | Noticed Grinder
  3403 | D:5      | Paralysed by Grinder for 3 turns
  3404 | D:5      | Reached skill level 1 in Maces & Flails
  3427 | D:5      | Killed from afar by Blork the orc

Illustrated notes

Levels and vault maps discovered:
D:1:      minmay_arrival_glassed_features, layout_basic, grunt_decor_junction,
          amethyst_killhole
D:2:      wander_river, layout_rooms, uniq_crazy_yiuf_cottage
D:3:      layout_loops_ring, nicolae_overflow_ecumenical_swirl,
          grunt_temple_overflow_open, gammafunk_ghost_mausoleum
D:4:      layout_loops_cross, serial_bayou, serial_bayou_pond_a,
          serial_bayou_pond_e, serial_bayou_lagoon_b, serial_bayou_shore_b
D:5:      layout_cave_pools, xom_confusion_cloud, portal_sewer_entry_d,
          serial_gnoll_camp, gnoll_camp_mini_basic, gnoll_camp_mini_house,
          gnoll_camp_mini_doghouse, gnoll_camp_mini_hut, feat_on_display,
          uniq_edmund, uniq_grinder, uniq_blork_the_orc, uniq_duvessa

Skill      XL: |  1  2  3  4  5  6 |
---------------+-------------------+-----
Unarmed Combat | 3 |  3.1
Dodging        | 3 |  3.1
Armour         | 1 2 3 |  3.2
Fighting       | 4 5 |  5.0
Maces & Flails | 2 |  2.9
Stealth        | |  1.7

Action                     |  1- 3 |  4- 6 || total
---------------------------+-------+-------++-------
  Melee: Unarmed           |   184 |   146 ||   330
         Whip              |       |    43 ||    43
         Headbutt          |       |     4 ||     4
    Use: Scroll            |     8 |     6 ||    14
         Potion            |       |     3 ||     3
 Armour: Robe              |     3 |       ||     3
         Scale mail        |   102 |   114 ||   216
  Dodge: Dodged            |   108 |   110 ||   218

Table legend: (Time is in decaauts)
 A = Elapsed time spent in this place.
 B = Non-inter-level travel time spent in this place.
 C = Inter-level travel time spent in this place.
 D = Time resting spent in this place.
 E = Time spent auto-exploring this place.
 F = Levels seen in this place.
 G = Mean time per level.
                   A        B        C        D        E       F      G
               +--------+--------+--------+--------+--------+-----+--------+
         Total |   3469 |   3251 |    218 |     90 |   2429 |   5 |  693.8 |
       Dungeon |   3469 |   3251 |    218 |     90 |   2429 |   5 |  693.8 |
               +--------+--------+--------+--------+--------+-----+--------+

Top non-repeatable levels by time:
     D:4: 1029 daAuts
     D:3: 944 daAuts
     D:2: 773 daAuts
     D:1: 666 daAuts
     D:5: 56 daAuts
